 Dungeon Crawl Stone Soup version 0.28-a0-909-g796cbd3a86 (webtiles) character file.

Game seed: 1579841715831565712

58 BinkBink the Firebug (level 3, -7/19 HPs)
             Began as a Deep Elf Fire Elementalist on Nov 25, 2021.
             Mangled by Natasha (12 damage)
             ... on level 2 of the Dungeon.
             The game lasted 00:02:55 (2630 turns).

BinkBink the Firebug (Deep Elf Fire Elementalist)   Turns: 2630, Time: 00:02:55

Health: -7/19      AC:  2    Str:  5    XL:     3   Next: 75%
Magic:  8/10       EV: 12    Int: 20    God:
Gold:   57         SH:  0    Dex: 15    Spells: 8/9 levels left

rFire   . . .      SeeInvis .   (no weapon)
rCold   . . .      Faith    .   (no shield)
rNeg    . . .      Spirit   .   a - +0 robe
rPois   .          Reflect  .   (no helmet)
rElec   .          Harm     .   (no cloak)
rCorr   .          Rampage  .   (no gloves)
Will    .....                   (no boots)
Stlth   ++........              (no amulet)
HPRegen 0.06/turn               (no ring)
MPRegen 0.12/turn               (no ring)

@: no status effects
A: no striking features
a: no special abilities


You were on level 2 of the Dungeon.
You visited 1 branch of the dungeon, and saw 2 of its levels.

You collected 57 gold pieces.

Inventory:

Armour
 a - a +0 robe (worn)
Magical Staves
 i - a staff of poison
Scrolls
 b - a scroll of magic mapping {unknown}
 c - a scroll of fear {unknown}
 h - a scroll of identify {unknown}
Potions
 d - a potion of resistance {unknown}
 e - 2 potions of flight {unknown}
 f - a potion of heal wounds {unknown}
 g - a potion of lignification {unknown}


   Skills:
 + Level 2.5 Dodging
 + Level 2.8 Stealth
 + Level 3.8 Spellcasting
 + Level 1.7 Conjurations
 + Level 4.3 Fire Magic


You had 8 spell levels left.
You knew the following spells:

 Your Spells              Type           Power      Damage    Failure   Level
a - Foxfire               Conj/Fire      64%        2x1d7     3%          1

Your spell library contained the following spells:

 Spells                   Type           Power      Damage    Failure   Level
 Scorch                   Fire           42%        2d7       3%          2
 Shock                    Conj/Air       28%        1d4       9%          1
 Conjure Flame            Conj/Fire      16%        6-21      11%         3
 Inner Flame              Hex/Fire       12%        N/A       16%         3
 Swiftness                Air            3%         N/A       36%         3
 Flame Wave               Conj/Fire      16%        3d5       36%         4
 Airstrike                Air            1%         N/A       78%         4


Dungeon Overview and Level Annotations

Branches:
Dungeon (2/15)

Altars:

Shops:
D:1 !

Annotations:
D:2 Natasha


Message History

You now have 57 gold pieces (gained 16).
Things that are here:
a staff of poison; a hobgoblin corpse
i - a staff of poison You conjure some foxfire!
Your foxfire dissipates! x2
Natasha, Servant of Life and Death comes into view.
You conjure some foxfire!
Your foxfire dissipates!
You conjure some foxfire!
The foxfire hits Natasha but does no damage.
Natasha hisses angrily.
The foxfire hits Natasha.
Natasha is moderately wounded.
Natasha claws you!
You conjure some foxfire!
Natasha claws you.
Your foxfire dissipates!
The foxfire hits Natasha.
Natasha is heavily wounded.
The foxfire hits Natasha.
Natasha is severely wounded.
Natasha drinks a potion.
Natasha seems to grow stronger.
Natasha mumbles some strange words.
Natasha shimmers violently.
You conjure some foxfire!
Natasha casts a spell at you. The magic dart hits you.
* * * LOW HITPOINT WARNING * * *
Your foxfire dissipates!
The foxfire hits Natasha.
Natasha is almost dead.
Natasha claws you!
Ouch! That really hurt!
You die...

#.# #.#
#.# #.#
#.# #.#
#.#
########.#
#..h@..#.#
##.###.#.#
#.# #.#.#
#.# #.#.#
#.# #.#.#
#.# #.#.#
#.# #.#.#
#########
#.# #.#.#
#........
#.# #.#.#
#.#######


You could see Natasha (strong).

Vanquished Creatures
  An adder (D:2)
  2 worms (D:2)
  2 dart slugs
  4 bats
  3 endoplasms
  2 giant cockroaches (D:1)
  2 goblins (D:1)
  3 hobgoblins
  4 jackals (D:2)
  2 quokkas (D:2)
  5 ball pythons
  2 frilled lizards
  2 kobolds
  4 rats
38 creatures vanquished.

Vanquished Creatures (collateral kills)
  2 foxfires (D:1)
2 creatures vanquished.

Vanquished Creatures (others)
  172 foxfires
172 creatures vanquished.

Grand Total: 212 creatures vanquished

Notes
Turn   | Place    | Note
-------+----------+-------------------------------------------
     0 | D:1      | BinkBink the Deep Elf Fire Elementalist began the quest for
                  | the Orb.
     0 | D:1      | Reached XP level 1. HP: 10/10 MP: 6/6
    65 | D:1      | Found Siutiyff's Distillery.
   600 | D:1      | Reached XP level 2. HP: 15/15 MP: 4/8
  1738 | D:2      | Reached skill level 4 in Fire Magic
  1747 | D:2      | Reached XP level 3. HP: 19/19 MP: 2/10
  2612 | D:2      | Noticed Natasha
  2630 | D:2      | Mangled by Natasha

Illustrated notes

Levels and vault maps discovered:
D:1:      lemuel_arrival_behind_the_door_small, layout_loops_corners,
          serial_shops, shop_statue, nrook_loot_triangle,
          kennysheep_minor_cross, serial_bayou_lagoon_a
D:2:      layout_basic, uniq_natasha

Skill      XL: |  1  2 |
---------------+-------+-----
Fire Magic     | 4 |  4.3
Dodging        | |  2.5
Stealth        | |  2.8
Spellcasting   | |  3.8
Conjurations   | |  1.7

Action                   || total
-------------------------++-------
 Cast: Foxfire           ||   130
Armor: Robe              ||     3
Dodge: Dodged            ||     9

Table legend: (Time is in decaauts)
 A = Elapsed time spent in this place.
 B = Non-inter-level travel time spent in this place.
 C = Inter-level travel time spent in this place.
 D = Time resting spent in this place.
 E = Time spent auto-exploring this place.
 F = Levels seen in this place.
 G = Mean time per level.
                   A        B        C        D        E       F      G
               +--------+--------+--------+--------+--------+-----+--------+
         Total |   2642 |   2607 |     35 |      0 |   2341 |   2 | 1321.0 |
       Dungeon |   2642 |   2607 |     35 |      0 |   2341 |   2 | 1321.0 |
               +--------+--------+--------+--------+--------+-----+--------+

Top non-repeatable levels by time:
     D:1: 1640 daAuts
     D:2: 1001 daAuts
